 Dungeon Crawl Stone Soup version 0.27.1-33-g824d729ab1 (console) character file.

Game seed: 14882717035589723550

170 Banquo the Magician (level 5, 0/41 HPs)
             Began as a Djinni Gladiator on Dec 5, 2021.
             Slain by an ufetubus (1 damage)
             ... on level 3 of the Dungeon.
             The game lasted 00:12:57 (6640 turns).

Banquo the Magician (Djinni Gladiator)              Turns: 6640, Time: 00:12:58

Health: 0/41       AC:  7    Str: 13    XL:     5   Next: 80%
Gold:   289        EV: 12    Int: 10    God:
                   SH:  0    Dex: 15

rFire    + + .     SeeInvis .   a - +0 rapier
rCold    x . .     Faith    .   (no shield)
rNeg     . . .     Spirit   .   d - +0 leather armour
rPois    ∞         Reflect  .   h - +0 helmet
rElec    .         Harm     .   (no cloak)
rCorr    .         Rampage  .   g - +0 pair of gloves
Will     .....                  (boots unavailable)
Stlth    +.........             (no amulet)
HPRegen  0.13/turn              (no ring)
MPRegen  0.00/turn              (no ring)

@: brilliant, flying, studying Slings
A: sickness immunity, fire resistance 2, cold vulnerability 1, float, innate
caster, hp casting, extra vitality 1, iridescent scales 1, robust 1
a: no special abilities


You were on level 3 of the Dungeon.
You visited 1 branch of the dungeon, and saw 4 of its levels.

You collected 289 gold pieces.

Inventory:

Hand Weapons
 a - a +0 rapier (weapon)
 p - a +0 long sword
 s - a +0 dagger of speed
 v - a +0 trident
Missiles
 b - 3 throwing nets (quivered)
 c - 123 stones
 i - 4 atropa-tipped darts
Armour
 d - a +0 leather armour (worn)
 g - a +0 pair of gloves (worn)
 h - a +0 helmet (worn)
Scrolls
 e - a scroll of acquirement {unknown}
 f - 7 scrolls of identify {unknown}
 m - a scroll of teleportation {unknown}
 n - a scroll of silence {unknown}
 o - a scroll of magic mapping {unknown}
 t - a scroll of immolation {unknown}
 u - a scroll of summoning {unknown}
Potions
 j - a potion of brilliance
 k - a potion of mutation
 l - 2 potions of flight {unknown}
 q - a potion of lignification {unknown}
 r - a potion of attraction {unknown}


   Skills:
 - Level 2.2 Fighting
 - Level 3.2 Short Blades
 - Level 1.5 Throwing
 - Level 3.2 Dodging
 * Level 3.3 Spellcasting


You had 7 spell levels left.
You knew the following spells:

 Your Spells              Type           Power      Damage    Failure   Level
a - Magic Dart            Conj           48%        1d5       9%          1
B - Blink                 Tloc           N/A        N/A       13%         2
Your spell library was empty.

Dungeon Overview and Level Annotations

Branches:
Dungeon (4/15)
 Temple: D:4-7

Altars:
Zin


Innate Abilities, Weirdness & Mutations

You are immune to sickness and miasma.
You are immune to poison.
Your flesh is very heat resistant. (rF++)
You are vulnerable to cold. (rC-)
You float through the air rather than walking.
You learn spells naturally, not from books.
Your magical power is your life essence.
You have superior vitality. (+4 HP)
You are partially covered in iridescent scales. (AC +2)
You are robust. (+10% HP)


Message History

The ufetubus barely misses you. The ufetubus closely misses you.
The ufetubus barely misses you. The ufetubus completely misses you.
The ufetubus hits you but does no damage.
The ufetubus closely misses you.
The ufetubus hits you but does no damage. x2
There is a stone staircase leading up here.
The ufetubus hits you.
* * * LOW HITPOINT WARNING * * *
The ufetubus misses you. The ufetubus closely misses you.
The ufetubus hits you but does no damage.
You fly upwards.
There is a stone staircase leading down here.
Casting: Magic Dart (safe; 9% risk of failure)
Confirm with . or Enter, or press ? or * to list all spells.
Aiming: Magic Dart (safe; 9% risk of failure)
Press: ? - help, Shift-Dir - straight line, f - ufetubus
Aim: an ufetubus (100% to hit)
The magic dart hits the ufetubus.
The ufetubus is moderately wounded.
* * * LOW HITPOINT WARNING * * *
The ufetubus hits you.
* * * LOW HITPOINT WARNING * * *
The ufetubus closely misses you.
You closely miss the ufetubus.
The ufetubus is moderately wounded.
The ufetubus closely misses you. The ufetubus hits you.
* * * LOW HITPOINT WARNING * * *
The ufetubus hits you.
* * * LOW HITPOINT WARNING * * *
The ufetubus hits you but does no damage.
It was a potion of brilliance.
You feel clever all of a sudden. The ufetubus hits you.
* * * LOW HITPOINT WARNING * * *
The ufetubus closely misses you.
It was a potion of mutation.
You feel extremely strange.
You feel robust.
Iridescent scales grow over part of your body.
The ufetubus barely misses you. The ufetubus hits you.
You die...

###### #.# # #....# #.# # ###
#....# #.# # ..# #....# #.# # ..#
#....# #.# # ..######## #....#
#.########## .........# #....#
#.#.........
..######.######5...###.#.########
..'...........'.@....#.#.#
..#######.#####....#.#.#.# ..#
#.## #....#.#.#.# ..# #..#
#....#.#.#.# ..# ##.#
#....#.#.#.# ..# #.##
##'###.#.#.# ### #..# #.# #.#.#.#
# ##.####.# #.#.#.# # #......#
#.#.#.#


You could see an ufetubus.

Vanquished Creatures
  A hound skeleton (D:4)
  5 adders
  2 gnolls (D:4)
  2 worms (D:2)
  A dart slug (D:4)
  2 orcs
  6 bats
  4 endoplasms
  4 giant cockroaches
  6 goblins
  13 hobgoblins
  4 jackals (D:2)
  3 quokkas
  8 ball pythons
  7 frilled lizards
  9 kobolds
  3 rats
80 creatures vanquished.

Vanquished Creatures (others)
  8 fungi (D:3)
  4 toadstools (D:3)
12 creatures vanquished.

Grand Total: 92 creatures vanquished

Notes
Turn   | Place    | Note
-------+----------+-------------------------------------------
     0 | D:1      | Banquo the Djinni Gladiator began the quest for the Orb.
     0 | D:1      | Reached XP level 1. HP: 18/18 MP: 0/0
    85 | D:1      | Reached XP level 2. HP: 23/23 MP: 0/0
   208 | D:1      | Found a faded altar of an unknown god.
   857 | D:1      | Reached XP level 3. HP: 28/28 MP: 0/0
   857 | D:1      | Learned a level 1 spell: Magic Dart
   938 | D:1      | Reached skill level 1 in Spellcasting
  1726 | D:2      | Reached XP level 4. HP: 26/33 MP: 0/0
  2867 | D:3      | Noticed an ice beast
  2978 | D:3      | Reached XP level 5. HP: 32/38 MP: 0/0
  2978 | D:3      | Learned a level 2 spell: Blink
  6190 | D:4      | Found a glowing silver altar of Zin.
  6465 | D:4      | Noticed a phantom
  6639 | D:3      | HP: 1/38 [ufetubus (3)]
  6640 | D:3      | Gained mutation: You are robust. (+10% HP) [potion of
                  | mutation]
  6640 | D:3      | Gained mutation: You are partially covered in iridescent
                  | scales. (AC +2) [potion of mutation]
  6640 | D:3      | Slain by an ufetubus

Illustrated notes

Levels and vault maps discovered:
D:1:      dpeg_arrival_stone_temple_mockup, layout_basic,
          dreamdust_ecumenical_altar_statues
D:2:      layout_loops_ring, minmay_tripent
D:3:      layout_basic, minmay_gold_behind_fungi, minmay_fractal_squares_5
D:4:      layout_loops_ring, zin_statuary, minmay_manual_monstrance

Skill      XL: |  1  2  3  4  5 |
---------------+----------------+-----
Short Blades   | 3 |  3.2
Spellcasting   | 1 2 3 |  3.3
Fighting       | |  2.2
Throwing       | |  1.5
Dodging        | |  3.2

Action                   |  1- 3 |  4- 6 || total
-------------------------+-------+-------++-------
Melee: Dagger            |    74 |       ||    74
       Rapier            |    42 |    84 ||   126
 Cast: Magic Dart        |    20 |   164 ||   184
       Blink             |       |     1 ||     1
  Use: Potion            |       |     2 ||     2
 Stab: Sleeping          |       |     1 ||     1
Armor: Leather armour    |    19 |    48 ||    67
Dodge: Dodged            |    65 |    96 ||   161
